 Dungeon Crawl Stone Soup version 0.28-a0-1389-gc726bef33b (webtiles) character file.

Game seed: 9247361752097753015

103 Deminshera the Skirmisher (level 4, -3/37 HPs)
             Began as a Demonspawn Fighter on Jan 3, 2022.
             Killed from afar by Sigmund (5 damage)
             ... with a magic dart
             ... on level 2 of the Dungeon.
             The game lasted 00:01:47 (1578 turns).

Deminshera the Skirmisher (Demonspawn Fighter)      Turns: 1578, Time: 00:01:48

Health: -3/37      AC:  8    Str: 19    XL:     4   Next: 51%
Magic:  4/4        EV: 11    Int:  9    God:
Gold:   47         SH:  0    Dex: 12    Spells: 3/3 levels left

rFire   . . .      SeeInvis .   k - +1 dagger (venom)
rCold   . . .      Faith    .   c - +0 buckler
rNeg    . . .      Spirit   .   b - +0 scale mail
rPois   .          Reflect  .   i - +0 helmet
rElec   .          Harm     .   (no cloak)
rCorr   .          Rampage  .   (no gloves)
Will    .....                   (no boots)
Stlth   ..........              (no amulet)
HPRegen 0.12/turn               (no ring)
MPRegen 0.18/turn               (no ring)

@: confused
A: repulsion field 1, magic regeneration
a: no special abilities


You were on level 2 of the Dungeon.
You visited 1 branch of the dungeon, and saw 2 of its levels.

You collected 47 gold pieces.

Inventory:

Hand Weapons
 a - a +0 rapier
 k - a +1 dagger of venom (weapon)
Armour
 b - a +0 scale mail (worn)
 c - a +0 buckler (worn)
 i - a +0 helmet (worn)
Scrolls
 e - a scroll of immolation
 f - a scroll of identify {unknown}
 g - 2 scrolls of teleportation {unknown}
 j - a scroll of fear {unknown}
Potions
 d - a potion of might
 h - 2 potions of haste {unknown}


   Skills:
 + Level 3.7 Fighting
 + Level 2.6 Short Blades
 + Level 3.3 Armour
 + Level 3.3 Shields


You had 3 spell levels left.
You didn't know any spells.
Your spell library was empty.

Dungeon Overview and Level Annotations

Branches:
Dungeon (2/15)

Altars:

Annotations:
D:2 Sigmund


Innate Abilities, Weirdness & Mutations

You are surrounded by a mild repulsion field. (EV +2)
You regenerate magic rapidly.


Message History

Deactivating autopickup; reactivate with Ctrl-A.
A goblin is nearby!
The goblin hits you with a +1 dagger of venom.
You are poisoned.
You barely miss the goblin.
You feel sick. The goblin hits you but does no damage.
You are more poisoned.
You closely miss the goblin.
You feel very sick. The goblin closely misses you.
You hit the goblin.
You kill the goblin!
You feel very sick.
You feel sick.
You see here a +1 dagger of venom.
k - a +1 dagger of venom You feel sick.
Something hits you.
Your +1 dagger of venom begins to drip with poison!
k - a +1 dagger of venom (weapon)
You feel sick.
You hear some strange, mumbled words.
You are confused.
You feel sick. Something hits you.
You're too confused to move!
You feel sick.
You hear some strange, mumbled words.
A puff of flame appears from out of thin air!
The puff of flame misses you.
You feel sick. Something hits you but does no damage.
You feel sick.
There is an open door here.
You feel sick.
You are no longer poisoned.
You hear some strange, mumbled words.
You are more confused.
You miss something. Something hits you!
* * * LOW HITPOINT WARNING * * *
There is an open door here.
A magic dart appears from out of thin air!
The magic dart hits you.
You die...

....# ...#..............#...#
....# ...#......####....#..##
.)..# #.........####....##.#
.o..# #.........#......###.##
....# ...##.....#...........#
...## ..#.#.....{.............
.(## #..##.............########
#######..#.....#'##..##.##
...#........#.P#@.#..##..##
##.............#..#..###..##
##.............####..# ##..#
............#........#####.#####
##..........#........##........#
#...........<##)..####........#
#..........###......##........#
##.÷......## ######..>........#
#÷)........# ####..(.....#


There were no monsters in sight!

Vanquished Creatures
  Jessica (D:2)
  An orc wizard (D:1)
  An adder (D:2)
  A dart slug (D:1)
  3 orcs
  2 ball pythons
  4 endoplasms
  3 goblins
  2 hobgoblins (D:1)
  2 quokkas (D:2)
  7 bats
  A frilled lizard (D:1)
  5 kobolds
  6 rats
39 creatures vanquished.

Notes
Turn   | Place    | Note
-------+----------+-------------------------------------------
     0 | D:1      | Deminshera the Demonspawn Fighter began the quest for the
                  | Orb.
     0 | D:1      | Reached XP level 1. HP: 18/18 MP: 1/1
    32 | D:1      | Found a faded altar of an unknown god.
   343 | D:1      | Gained mutation: You regenerate magic rapidly. [demonic
                  | ancestry]
   343 | D:1      | Reached XP level 2. HP: 23/24 MP: 2/2
   812 | D:2      | Reached XP level 3. HP: 21/29 MP: 3/3
  1335 | D:2      | Noticed Jessica
  1344 | D:2      | Killed Jessica
  1345 | D:2      | Gained mutation: You are surrounded by a mild repulsion
                  | field. (EV +2) [demonic ancestry]
  1345 | D:2      | Reached XP level 4. HP: 17/37 MP: 4/4
  1562 | D:2      | Noticed Sigmund
  1578 | D:2      | Killed from afar by Sigmund

Illustrated notes

Levels and vault maps discovered:
D:1:      heliophobic_arrival_battle_scene, layout_basic,
          hellmonk_ecumenical_altar_blasted
D:2:      layout_rooms, corexii_shack, uniq_jessica, uniq_sigmund

Skill      XL: |  1  2 |
---------------+-------+-----
Short Blades   | 2 |  2.6
Armour         | 3 |  3.3
Shields        | 3 |  3.3
Fighting       | |  3.7

Action                   |  1- 3 |  4- 6 || total
-------------------------+-------+-------++-------
Melee: Rapier            |   110 |    11 ||   121
       Dagger            |       |     1 ||     1
  Use: Potion            |     1 |       ||     1
Armor: Scale mail        |    65 |     3 ||    68
Dodge: Dodged            |    63 |     8 ||    71
Block: Buckler           |    15 |     1 ||    16

Table legend: (Time is in decaauts)
 A = Elapsed time spent in this place.
 B = Non-inter-level travel time spent in this place.
 C = Inter-level travel time spent in this place.
 D = Time resting spent in this place.
 E = Time spent auto-exploring this place.
 F = Levels seen in this place.
 G = Mean time per level.
                   A        B        C        D        E       F      G
               +--------+--------+--------+--------+--------+-----+--------+
         Total |   1593 |   1560 |     33 |    733 |    537 |   2 |  796.5 |
       Dungeon |   1593 |   1560 |     33 |    733 |    537 |   2 |  796.5 |
               +--------+--------+--------+--------+--------+-----+--------+

Top non-repeatable levels by time:
     D:1: 945 daAuts
     D:2: 648 daAuts
